 Dungeon Crawl Stone Soup version 0.22.1-1-ga44c0e5 (webtiles) character file.

1297 dvd the Firebug (level 8, -4/48 HPs)
             Began as an Octopode Fire Elementalist on Nov 2, 2018.
             Was a Follower of Vehumet.
             Slain by a centaur (5 damage)
             ... on level 6 of the Dungeon.
             The game lasted 00:15:25 (8175 turns).

dvd the Firebug (Octopode Fire Elementalist)        Turns: 8175, Time: 00:15:28

Health: -4/48      AC:  1    Str:  5 (7)  XL:     8   Next: 56%
Magic:  14/24      EV: 14    Int: 17 (20) God:    Vehumet [*.....]
Gold:   299        SH:  0    Dex:  9 (12) Spells: 4/17 levels left

rFire    . . .     SeeInvis .   a - +0 falchion (holy)
rCold    . . .     Gourm    .   (no shield)
rNeg     . . .     Faith    .   (helmet restricted)
rPois    .         Spirit   .   (no amulet)
rElec    .         Reflect  .   y - ring of magical power
rCorr    .         Harm     .   (no ring)
MR       .....                  (no ring)
Stlth    ++++......             (no ring)
HPRegen  0.16/turn              (no ring)
MPRegen  0.19/turn              (no ring)
                                (no ring)
                                (no ring)

@: very slightly contaminated
A: almost no armour, stealthy swim, amphibious, 8 rings, constrict 8, camouflage
1, gelatinous body 1
a: Renounce Religion


You were on level 6 of the Dungeon.
You worshipped Vehumet.
Vehumet was aware of your devotion.
You were not hungry.

You visited 2 branches of the dungeon, and saw 7 of its levels.

You collected 299 gold pieces.

Inventory:

Hand Weapons
 a - a +0 falchion of holy wrath (weapon)
 e - a +0 dagger
 g - a +0 whip
 o - a +0 hand axe
 q - a cursed -3 flail
 x - a +0 vampiric war axe
Jewellery
 y - a ring of magical power (left tentacle)
Wands
 w - a wand of paralysis (18)
Scrolls
 j - 7 scrolls of identify {unknown}
 k - 3 scrolls of remove curse {unknown}
 n - 2 scrolls of amnesia {unknown}
 p - 3 scrolls of teleportation
 r - a scroll of fog {unknown}
 s - 2 scrolls of random uselessness {unknown}
 v - 2 scrolls of noise {unknown}
Potions
 c - a potion of magic {unknown}
 d - a potion of flight {unknown}
 f - 2 potions of degeneration
 h - 2 potions of resistance {unknown}
 i - a potion of mutation {unknown}
 l - a potion of curing {unknown}
 m - 3 potions of agility {unknown}
 u - a potion of ambrosia {unknown}
Comestibles
 b - 16 rations
 t - 7 chunks of flesh


   Skills:
 + Level 1.5 Fighting
 + Level 2.7 Long Blades
 + Level 0.6(0.7) Axes
 + Level 0.1(0.4) Maces & Flails
 + Level 3.2 Dodging
 + Level 5.2 Stealth
 + Level 5.0 Spellcasting
 + Level 4.5 Conjurations
 + Level 5.7 Fire Magic


You had 4 spell levels left.
You knew the following spells:

 Your Spells              Type           Power        Failure   Level  Hunger
a - Flame Tongue          Conj/Fire      ###..        1%          1    None
b - Throw Flame           Conj/Fire      ###...       2%          2    #......
c - Sticky Flame          Conj/Fire      ###.....     17%         4    ####...
d - Fireball              Conj/Fire      ###.......   43%         5    ######.
e - Shock                 Conj/Air       ##..         5%          1    None

Your spell library contained the following spells:

 Spells                   Type           Power        Failure   Level  Hunger
 Conjure Flame            Conj/Fire      ###.....     5%          3    ###....
 Inner Flame              Hex/Fire       ##......     13%         3    ###....


Dungeon Overview and Level Annotations

Branches:
Dungeon (6/15)             Temple (1/1) D:5

Altars:
Ashenzari
Dithmenos
Elyvilon
Gozag
Hepliaklqana
Kikubaaqudgha
Nemelex Xobeh
Okawaru
Qazlal
Trog
Vehumet
Wu Jian
Xom
Zin
The Shining One

Annotations:
D:4 3 runed doors, bear's ghost, novice VSFi


Innate Abilities, Weirdness & Mutations

You cannot wear most types of armour.
You are very stealthy in the water. (Stealth+)
You are amphibious.
You can wear up to eight rings at the same time.
You can use your tentacles to constrict eight enemies at once.
Your skin changes colour to match your surroundings (Stealth+).
Your rubbery body absorbs attacks. (AC +1, EV +1)


Message History

Unknown command.
Casting: Flame Tongue (safe; 1% risk of failure)
Confirm with . or Enter, or press ? or * to list all spells.
Aiming: Sticky Flame (safe; 14% risk of failure)
Press: ? - help, Shift-Dir - straight line, f - centaur
Aim: a centaur (black smoke)
You miscast Sticky Flame.
You are very lightly contaminated with residual magic.
Wisps of smoke drift from your tentacles.
The centaur hits you.
* * * LOW HITPOINT WARNING * * *
The orc hits you.
* * * LOW HITPOINT WARNING * * *
It was a potion of degeneration.
There was something very wrong with that liquid.
You feel weakened.
You feel dopey.
You feel clumsy. The centaur barely misses you.
You riposte.
You hit the centaur but do no damage. Your squeeze misses the centaur.
The centaur hits you.
You die...

..................... .....
...####.##........##.......
##.##.........##### .# #...
.............# ..._
#.##.........###.. .... #
#.§.#.#.§)..... ....
#..§#.§§#§.....$ ....
#..#.#(#§#.... #...
#...§§§@co§..o.. ####
#..#§#§#o#.c..o.
.<...#§§§##...... ......
#§# ..... ...... .....
...... .... ... .... .....
.. #..... ....#.....


You could see a centaur, an orc wizard and an orc.

Vanquished Creatures
  A sky beast (D:5)
  An ice beast (D:4)
  2 ogres
  2 centaurs
  A bullfrog zombie (D:5)
  A crimson imp (D:5)
  2 orc priests
  A jelly (D:3)
  2 centaur skeletons
  3 orc wizards
  5 hounds
  2 worker ants (D:5)
  A hound zombie (D:6)
  A howler monkey zombie (D:5)
  7 gnolls
  5 adders
  A shadow imp (D:5)
  An adder zombie (D:5)
  An adder skeleton (D:5)
  2 worms
  5 dart slugs
  2 leopard geckos
  15 orcs
  A ball python (D:2)
  12 bats
  4 giant cockroaches
  9 hobgoblins
  22 jackals
  2 quokkas
  3 frilled lizards
  A giant cockroach zombie (D:5)
  6 goblins
  A jackal skeleton (D:5)
  10 kobolds
  A quokka skeleton (D:5)
  7 rats
143 creatures vanquished.

Notes
Turn   | Place    | Note
-------+----------+-------------------------------------------
     0 | D:1      | dvd the Octopode Fire Elementalist began the quest for the
                  | Orb.
     0 | D:1      | Reached XP level 1. HP: 11/11 MP: 3/3
   127 | D:1      | Reached XP level 2. HP: 17/17 MP: 3/5
   452 | D:1      | Learned a level 2 spell: Throw Flame
   690 | D:1      | Reached XP level 3. HP: 17/21 MP: 3/6
  1536 | D:2      | Reached XP level 4. HP: 25/27 MP: 0/7
  2041 | D:2      | Reached XP level 5. HP: 31/31 MP: 3/8
  2089 | D:2      | Learned a level 4 spell: Sticky Flame
  3016 | D:3      | Reached XP level 6. HP: 10/36 MP: 4/10
  3987 | D:3      | Found a faded altar of an unknown god.
  4083 | D:4      | Noticed an ice beast
  4102 | D:4      | Killed an ice beast
  4149 | D:4      | HP: 1/37 [hound (3)]
  4150 | D:4      | Reached XP level 7. HP: 2/42 MP: 0/12
  4692 | D:4      | Found a runed gate.
  4822 | D:4      | Reached skill level 5 in Fire Magic
  5027 | D:4      | Noticed bear's ghost (novice VSFi)
  5034 | D:4      | Found a runed gate.
  5034 | D:4      | Found a runed gate.
  5443 | D:5      | Entered Level 5 of the Dungeon
  5627 | D:5      | Reached skill level 1 in Long Blades
  5773 | D:5      | Paralysed by a crimson imp for 3 turns
  6225 | D:5      | Found a staircase to the Ecumenical Temple.
  6234 | Temple   | Entered the Ecumenical Temple
  6435 | Temple   | Became a worshipper of Vehumet
  7114 | D:5      | Reached skill level 1 in Fighting
  7114 | D:5      | Reached XP level 8. HP: 20/48 MP: 9/14
  7437 | D:5      | Learned a level 5 spell: Fireball
  7792 | D:6      | Found a glowing golden altar of the Shining One.
  7805 | D:6      | Reached skill level 5 in Stealth
  7958 | D:6      | Reached * piety under Vehumet
  7958 | D:6      | Offered knowledge of Shock by Vehumet.
  7962 | D:6      | Learned a level 1 spell: Shock
  7972 | D:6      | Reached skill level 5 in Spellcasting
  8155 | D:6      | Found a shadowy altar of Dithmenos.
  8174 | D:6      | HP: 1/48 [orc (4)]
  8175 | D:6      | Slain by a centaur

Skill      XL: |  1  2  3  4  5  6  7  8 |
---------------+-------------------------+-----
Stealth        | 3 4 5 |  5.2
Fire Magic     | 4 5 |  5.7
Conjurations   | 2 3 4 |  4.5
Spellcasting   | 3 4 5 |  5.0
Long Blades    | 1 2 |  2.7
Dodging        | 3 |  3.2
Fighting       | 1 |  1.5
Axes           | |  0.6
Maces & Flails | |  0.1

Action                   |  1- 3 |  4- 6 |  7- 9 || total
-------------------------+-------+-------+-------++-------
Melee: Unarmed           |     7 |       |       ||     7
       Constrict         |     6 |    12 |    20 ||    38
       Whip              |     4 |     5 |       ||     9
       Tentacles         |     3 |     6 |    17 ||    26
       Dagger            |     1 |       |       ||     1
       Hand axe          |       |    13 |       ||    13
       Falchion          |       |     7 |    71 ||    78
 Cast: Flame Tongue      |    59 |    81 |    38 ||   178
       Throw Flame       |     4 |    29 |    19 ||    52
       Sticky Flame      |       |     1 |     9 ||    10
  Use: Scroll            |       |       |     1 ||     1
       Potion            |       |       |     1 ||     1
 Stab: Sleeping          |       |     2 |     5 ||     7
  Eat: Chunk             |     3 |     9 |    12 ||    24
       Ration            |       |       |     1 ||     1
Armor: Skin              |     3 |     4 |     2 ||     9
Dodge: Dodged            |    23 |    46 |    67 ||   136
       Rpst.: Falchion   |       |     5 |    20 ||    25
